 Dungeon Crawl Stone Soup version 0.27.1-1-g398f81649c (webtiles) character file.

Game seed: 13107333960193015470

130 Descartes the Magician (level 4, 0/25 HPs)
             Began as a Deep Elf Wanderer on Sept 7, 2021.
             Slain by an orc (3 damage)
             ... on level 3 of the Dungeon.
             The game lasted 00:07:33 (4711 turns).

Descartes the Magician (Deep Elf Wanderer)          Turns: 4711, Time: 00:07:33

Health: 0/25       AC:  2    Str: 10    XL:     4   Next: 89%
Magic:  5/13       EV: 12    Int: 18    God:
Gold:   113        SH:  0    Dex: 13    Spells: 8/13 levels left

rFire    . . .     SeeInvis .   l - +1 short sword (venom)
rCold    . . .     Faith    .   (no shield)
rNeg     . . .     Spirit   .   b - +0 robe
rPois    .         Reflect  .   (no helmet)
rElec    .         Harm     .   (no cloak)
rCorr    .         Rampage  .   (no gloves)
Will     .....                  (no boots)
Stlth    ++........             (no amulet)
HPRegen  0.08/turn              (no ring)
MPRegen  0.13/turn              (no ring)

@: no status effects
A: no striking features
a: no special abilities


You were on level 3 of the Dungeon.
You visited 1 branch of the dungeon, and saw 3 of its levels.

You collected 113 gold pieces.

Inventory:

Hand Weapons
 l - a +1 short sword of venom (weapon)
 u - a +0 hunting sling
Missiles
 m - 6 javelins (quivered)
 n - 14 sling bullets
 o - 83 stones
 t - 23 arrows
Armour
 b - a +0 robe (worn)
Magical Staves
 q - a staff of air
Scrolls
 d - 2 scrolls of teleportation {unknown}
 f - a scroll of acquirement {unknown}
 g - 5 scrolls of identify {unknown}
 h - a scroll of fog {unknown}
 k - a scroll of noise {unknown}
 s - a scroll of magic mapping {unknown}
 v - a scroll of summoning {unknown}
Potions
 a - a potion of attraction {unknown}
 c - a potion of lignification
 e - a potion of flight {unknown}
 i - 2 potions of brilliance {unknown}
 j - a potion of invisibility {unknown}
 p - 2 potions of haste {unknown}
 r - 2 potions of cancellation {unknown}


   Skills:
 - Level 1.0 Fighting
 - Level 2.4 Dodging
 - Level 1.2 Stealth
 - Level 1.0 Shields
 - Level 5.0 Spellcasting
 + Level 3.1 Conjurations
 + Level 4.0 Fire Magic


You had 8 spell levels left.
You knew the following spells:

 Your Spells              Type           Power      Damage    Failure   Level
a - Foxfire               Conj/Fire      68%        2x1d7     3%          1
b - Magic Dart            Conj           64%        1d6       3%          1
c - Conjure Flame         Conj/Fire      17%        6-21      9%          3

Your spell library contained the following spells:

 Spells                   Type           Power      Damage    Failure   Level
 Blink                    Tloc           N/A        N/A       21%         2
 Call Imp                 Summ           4%         N/A       21%         2
 Slow                     Hex            4%         N/A       21%         2
 Mephitic Cloud           Conj/Pois/Air  8%         N/A       26%         3


Dungeon Overview and Level Annotations

Branches:
Dungeon (3/15)

Altars:
Ashenzari


Message History

Casting: Magic Dart (safe; 3% risk of failure)
Confirm with . or Enter, or press ? or * to list all spells.
Aiming: Magic Dart (safe; 3% risk of failure)
Press: ? - help, Shift-Dir - straight line, f/p - orc
Aim: an orc, wielding a +0 dagger (severely wounded, 100% to hit)
The magic dart hits the orc.
You kill the orc!
The orc misses you.
Casting: Magic Dart (safe; 3% risk of failure)
Confirm with . or Enter, or press ? or * to list all spells.
Aiming: Magic Dart (safe; 3% risk of failure)
Press: ? - help, Shift-Dir - straight line, f - orc
Aim: an orc, wielding a +0 hand axe (100% to hit)
The magic dart hits the orc.
The orc is lightly wounded.
The orc hits you with a +0 hand axe. The orc barely misses you.
Casting: Magic Dart (safe; 3% risk of failure)
Confirm with . or Enter, or press ? or * to list all spells.
Aiming: Magic Dart (safe; 3% risk of failure)
Press: ? - help, Shift-Dir - straight line, f/p - orc
Aim: an orc, wielding a +0 hand axe (lightly wounded, 100% to hit)
The magic dart hits the orc.
The orc is severely wounded.
The orc hits you with a +0 hand axe!
* * * LOW HITPOINT WARNING * * *
The orc hits you with a +0 club.
* * * LOW HITPOINT WARNING * * *
Casting: Magic Dart (safe; 3% risk of failure)
Confirm with . or Enter, or press ? or * to list all spells.
Aiming: Magic Dart (safe; 3% risk of failure)
Press: ? - help, Shift-Dir - straight line, f/p - orc
Aim: an orc, wielding a +0 hand axe (severely wounded, 100% to hit)
The magic dart hits the orc.
You kill the orc!
The orc hits you with a +0 club.
* * * LOW HITPOINT WARNING * * *
Casting: Magic Dart (safe; 3% risk of failure)
Confirm with . or Enter, or press ? or * to list all spells.
You conjure some foxfire!
The orc hits you with a +0 club.
You die...

###'#.##############
#.#...............
#.#..............#
#.#.#............#
#.#..............#
#.#...........##..
#.#........#.###..
#######o#.#....#.#...<..
#...(.v@#.#.##.#.#.#....
#.#######.#.##.#.#.#.###
#)#.##.#†#.#.###
#.#.##.#.#.#.#..
#......#.#......
###.####.###.##. #.# #.#
#.#.. #.# #.###.#.# #.#
#.....#..


You could see an orc (ally target).

Vanquished Creatures
  Robin (D:1)
  4 adders
  2 worms (D:2)
  A dart slug (D:1)
  2 orcs (D:3)
  7 ball pythons
  8 bats
  3 endoplasms (D:1)
  5 giant cockroaches
  13 goblins
  9 hobgoblins
  A quokka (D:1)
  5 frilled lizards
  4 kobolds (D:2)
  7 rats
72 creatures vanquished.

Vanquished Creatures (collateral kills)
  2 foxfires (D:3)
2 creatures vanquished.

Vanquished Creatures (others)
  243 foxfires
  27 plants (D:3)
270 creatures vanquished.

Grand Total: 344 creatures vanquished

Notes
Turn   | Place    | Note
-------+----------+-------------------------------------------
     0 | D:1      | Descartes the Deep Elf Wanderer began the quest for the
                  | Orb.
     0 | D:1      | Descartes set off with the following items: a +0 dagger, a
                  | +0 robe, a potion of lignification; and the following
                  | spells available to memorise: Foxfire, Magic Dart, Blink,
                  | Call Imp, Slow, Conjure Flame, Mephitic Cloud
     0 | D:1      | Reached XP level 1. HP: 12/12 MP: 7/7
     2 | D:1      | Learned a level 1 spell: Foxfire
     4 | D:1      | Learned a level 1 spell: Magic Dart
    67 | D:1      | Found a faded altar of an unknown god.
   198 | D:1      | Reached skill level 1 in Conjurations
   198 | D:1      | Reached XP level 2. HP: 16/16 MP: 6/9
   849 | D:1      | Reached XP level 3. HP: 19/20 MP: 6/11
  1406 | D:1      | Reached skill level 5 in Spellcasting
  1640 | D:2      | Found a broken altar of Ashenzari.
  1738 | D:2      | Noticed Robin
  2759 | D:1      | Killed Robin
  3000 | D:2      | Reached XP level 4. HP: 25/25 MP: 8/13
  3881 | D:3      | Learned a level 3 spell: Conjure Flame
  4711 | D:3      | Slain by an orc

Illustrated notes

Levels and vault maps discovered:
D:1:      erik_arrival_triangle_medium, layout_loops_ring,
          ebering_ecumenical_altar_webs
D:2:      layout_basic, basic_altar, minmay_hexomino_f4, uniq_robin
D:3:      layout_basic, serial_bayou_lagoon_a, minivault_27

Skill      XL: |  1  2  3  4 |
---------------+-------------+-----
Conjurations   | 1 2 3 |  3.1
Spellcasting   | 5 |  5.0
Fire Magic     | 3 4 |  4.0
Fighting       | |  1.0
Dodging        | |  2.4
Stealth        | |  1.2
Shields        | |  1.0

Action                   |  1- 3 |  4- 6 || total
-------------------------+-------+-------++-------
Melee: Dagger            |     2 |       ||     2
 Cast: Foxfire           |    90 |    74 ||   164
       Magic Dart        |       |     9 ||     9
 Stab: Sleeping          |     1 |       ||     1
Armor: Robe              |    17 |     1 ||    18
Dodge: Dodged            |    45 |     8 ||    53
